 Dungeon Crawl Stone Soup version 0.22.1-1-ga44c0e5 (webtiles) character file.

95 mandick the Insei (level 4, -10/33 HPs)
             Began as a Demonspawn Transmuter on Sept 30, 2018.
             Killed by divine providence
             ... invoked by an orc priest
              (14 damage)
             ... on level 3 of the Dungeon.
             The game lasted 00:06:49 (3126 turns).

mandick the Insei (Demonspawn Transmuter)           Turns: 3126, Time: 00:06:50

Health: -10/33     AC:  3    Str: 11    XL:     4   Next: 40%
Magic:  6/7        EV: 18    Int: 15    God:
Gold:   110        SH:  0    Dex: 21    Spells: 4/7 levels left

rFire    . . .     SeeInvis .     - Unarmed
rCold    . . .     Gourm    .   (no shield)
rNeg     . . .     Faith    .   b - +0 robe
rPois    .         Spirit   .   (helmet restricted)
rElec    .         Reflect  .   t - +0 cloak
rCorr    .         Harm     .   (no gloves)
MR       .....                  (boots currently unavailable)
Stlth    +++.......             (no amulet)
HPRegen  0.11/turn              p - +3 ring of dexterity
MPRegen  0.10/turn              (no ring)

@: agile, appendage, hasted, very quick
A: horns 1, talons 3, demonic guardian 1, powered by pain 1
a: End Transformation


You were on level 3 of the Dungeon.
You were not hungry.
You had grown temporary talons.
You visited 1 branch of the dungeon, and saw 3 of its levels.

You collected 110 gold pieces.

Inventory:

Missiles
 a - 10 arrows
Armour
 b - a +0 robe (worn)
 t - a +0 cloak (worn)
Jewellery
 p - a +3 ring of dexterity (left hand)
Scrolls
 c - a scroll of fear {unknown}
 e - 3 scrolls of remove curse {unknown}
 f - a scroll of immolation {unknown}
 i - a scroll of noise {unknown}
 j - a scroll of blinking {unknown}
 m - a scroll of teleportation {unknown}
 o - a scroll of enchant armour {unknown}
 s - a scroll of magic mapping {unknown}
 u - a scroll of identify {unknown}
 w - a scroll of enchant weapon {unknown}
 x - a scroll of random uselessness {unknown}
Potions
 g - a potion of haste
 h - a potion of ambrosia {unknown}
 k - a potion of degeneration {unknown}
 l - a potion of cancellation {unknown}
 n - a potion of agility {unknown}
 q - a potion of curing {unknown}
 r - a potion of brilliance {unknown}
Comestibles
 d - 7 rations
 v - 9 chunks of flesh


   Skills:
 + Level 2.2 Fighting
 + Level 2.6 Dodging
 + Level 3.3 Unarmed Combat
 - Level 2.0 Spellcasting
 + Level 2.6 Transmutations


You had 4 spell levels left.
You knew the following spells:

 Your Spells              Type           Power        Failure   Level  Hunger
a - Beastly Appendage     Tmut           #.....       8%          1    #......
b - Sticks to Snakes      Tmut           #.......     12%         2    ###....

Your spell library contained the following spells:

 Spells                   Type           Power        Failure   Level  Hunger
 Spider Form              Tmut/Pois      #.........   36%         3    ###....
 Ice Form                 Ice/Tmut       #.......     78%         4    #####..
 Blade Hands              Tmut           #.........   91%         5    ######.


Dungeon Overview and Level Annotations

Branches:
Dungeon (3/15)

Altars:
Hepliaklqana
Kikubaaqudgha
Nemelex Xobeh


Innate Abilities, Weirdness & Mutations

You have a pair of small horns on your head.
A weak demonic guardian rushes to your aid.
You sometimes gain a little power by taking damage.
You have claws for feet.


Message History

Your white imp barely misses the orc priest.
The orc priest mumbles some strange prayers to Beogh against you.
Beogh smites you!
* * * LOW HITPOINT WARNING * * *
You hit the orc priest but do no damage.
Your kick misses the orc priest.
The orc priest is moderately wounded.
Your white imp barely misses the orc priest.
The orc priest misses you.
You hit the orc priest but do no damage.
You claw the orc priest.
You headbutt the orc priest, but do no damage.
The orc priest is heavily wounded.
Your white imp hits the orc priest but does no damage.
The orc priest hits your white imp with a flail!
Your white imp dies!
It was a potion of haste.
You feel yourself speed up.
The orc priest calls down the wrath of Beogh upon you.
Beogh smites you!
You die...

#..# #.#.# #......(.
###########..###.#.###รท.#####.
.................#............
######.......#########.######.
#...........#............
#.......###.#.###.######.
#.......# #.#.# #.##
#.......###.#.###...
#..........@......##
...............#..# #.
...#.##o#....## . . #
#.#....... #......### ###
#.##.### ### ..# #.# .# ... ..#
#.# .# ... ..# #. .# .##


You could see an orc priest.

Vanquished Creatures
  3 adders (D:2)
  2 worms
  A dart slug (D:1)
  2 leopard geckos
  2 orcs (D:2)
  A ball python (D:3)
  2 giant cockroaches (D:3)
  7 goblins
  4 hobgoblins
  8 jackals
  7 kobolds
  A quokka (D:3)
  5 bats
  3 frilled lizards
  2 rats
50 creatures vanquished.

Vanquished Creatures (collateral kills)
  An orc (D:2)
1 creature vanquished.

Grand Total: 51 creatures vanquished

Notes
Turn   | Place    | Note
-------+----------+-------------------------------------------
     0 | D:1      | mandick the Demonspawn Transmuter began the quest for the
                  | Orb.
     0 | D:1      | Reached XP level 1. HP: 15/15 MP: 3/3
   413 | D:1      | Gained mutation: You sometimes gain a little power by
                  | taking damage. [demonic ancestry]
   413 | D:1      | Reached XP level 2. HP: 21/21 MP: 3/5
   612 | D:1      | Reached skill level 3 in Unarmed Combat
   921 | D:1      | Gained mutation: You have a pair of small horns on your
                  | head. [demonic ancestry]
   921 | D:1      | Reached XP level 3. HP: 22/26 MP: 4/6
  1528 | D:2      | Found an ancient bone altar of Kikubaaqudgha.
  1573 | D:2      | Learned a level 2 spell: Sticks to Snakes
  1590 | D:2      | Found a sparkling altar of Nemelex Xobeh.
  1754 | D:2      | Found a hazy altar of Hepliaklqana.
  2449 | D:2      | Gained mutation: A weak demonic guardian rushes to your
                  | aid. [demonic ancestry]
  2449 | D:2      | Reached XP level 4. HP: 16/33 MP: 2/7
  3126 | D:3      | Killed from afar by an orc priest

Skill      XL: |  1  2  3 |
---------------+----------+-----
Dodging        | 2 |  2.6
Transmutations | 2 |  2.6
Unarmed Combat | 3 |  3.3
Fighting       | 2 |  2.2
Spellcasting   | |  2.0

Action                   |  1- 3 |  4- 6 || total
-------------------------+-------+-------++-------
Melee: Unarmed           |   123 |    51 ||   174
       Kick              |    19 |    10 ||    29
       Headbutt          |     8 |     9 ||    17
       Punch             |       |     1 ||     1
 Cast: Beastly Appendage |    17 |     5 ||    22
       Sticks to Snakes  |     2 |       ||     2
  Use: Potion            |       |     1 ||     1
 Stab: Sleeping          |     1 |     1 ||     2
  Eat: Chunk             |     4 |       ||     4
       Ration            |     1 |       ||     1
Armor: Robe              |    30 |    21 ||    51
Dodge: Dodged            |    93 |    47 ||   140
